 Dungeon Crawl Stone Soup version 0.31-a0-841-g038b102fc3 (webtiles) character file.

Game seed: 18319565740454092115

122 randomguy2701 the Protected (level 5, -2/40 HPs)
             Began as a Gnoll Wanderer on Sept 27, 2023.
             Slain by a kobold brigand
             ... wielding a +0 short sword
              (3 damage)
             ... on level 4 of the Dungeon.
             The game lasted 00:03:07 (2759 turns).

randomguy2701 the Protected (Gnoll Wanderer)        Turns: 2759, Time: 00:03:08

Health: -2/40      AC:  8    Str:  8    XL:     5   Next: 6%
Magic:  12/12      EV:  8    Int: 13    God:
Gold:   206        SH:  0    Dex: 15    Spells: 13/14 levels left

rFire   . . .        a - +2 sling
rCold   . . .        (no shield)
rNeg    . . .        b - +0 scale mail
rPois   .            (no helmet)
rElec   .            (no cloak)
rCorr   .            (no gloves)
SInv    .            (no boots)
Will    .....        (no amulet)
Stlth   +            (no ring)
HPRegen 0.26/turn    (no ring)
MPRegen 0.13/turn

%: no passive effects
@: no status effects
A: fangs 1, strong nose, distributed training
a: no special abilities


You were on level 4 of the Dungeon.
You visited 1 branch of the dungeon, and saw 4 of its levels.

You collected 206 gold pieces.

Inventory:

Hand Weapons
 a - a +2 sling (weapon)
Armour
 b - a +0 scale mail (worn)
Jewellery
 f - a +5 ring of evasion
 i - a +6 ring of dexterity
Wands
 o - a wand of polymorph (6)
Scrolls
 e - a scroll of noise {unknown}
 h - 2 scrolls of identify {unknown}
 j - a scroll of amnesia {unknown}
 k - a scroll of revelation {unknown}
 m - a scroll of enchant weapon {unknown}
 n - 2 scrolls of teleportation {unknown}
 p - a scroll of fog {unknown}
 q - a scroll of acquirement {unknown}
Potions
 g - a potion of enlightenment {unknown}
 l - a potion of heal wounds {unknown}
 r - a potion of degeneration {unknown}
 s - a potion of ambrosia {unknown}


   Skills:
 + Level 2.9 Fighting
 + Level 1.3 Short Blades
 + Level 1.3 Long Blades
 + Level 1.3 Axes
 + Level 1.3 Maces & Flails
 + Level 1.3 Polearms
 + Level 1.3 Staves
 + Level 4.7 Ranged Weapons
 + Level 1.3 Throwing
 + Level 8.6 Armour
 + Level 1.3 Dodging
 + Level 2.7 Stealth
 + Level 1.3 Shields
 + Level 1.3 Unarmed Combat
 + Level 5.1 Spellcasting
 + Level 1.1 Conjurations
 + Level 1.1 Hexes
 + Level 1.1 Summonings
 + Level 1.1 Necromancy
 + Level 1.1 Translocations
 + Level 1.1 Transmutations
 + Level 1.1 Fire Magic
 + Level 1.1 Ice Magic
 + Level 1.1 Air Magic
 + Level 1.1 Earth Magic
 + Level 1.1 Poison Magic
 + Level 1.5 Invocations
 + Level 1.3 Evocations
 + Level 1.2 Shapeshifting


You had 13 spell levels left.
You knew the following spells:

 Your Spells              Type           Power      Damage    Failure   Level
a - Sting                 Tmut/Pois      24%        1d4       61%         1

Your spell library contained the following spells:

 Spells                   Type           Power      Damage    Failure   Level
 Sandblast                Erth           12%        2d6       61%         1
 Passwall                 Tmut/Erth      5%         N/A       75%         2
 Ignite Poison            Fire/Tmut/Pois 6%         N/A       93%         3
 Stone Arrow              Conj/Erth      12%        3d7       93%         3
 Animate Armour           Summ/Erth      12%        N/A       100%        4
 Animate Dead             Necr           6%         N/A       100%        4
 Brom's Barrelling Bould  Conj/Erth      6%         2d3       100%        4
 Haunt                    Necr/Summ      3%         N/A       100%        7
 Infestation              Necr           3%         N/A       100%        8
 Lehudib's Crystal Spear  Conj/Erth      3%         10d2      100%        8


Dungeon Overview and Level Annotations

Branches:
Dungeon (4/15)
 Temple: D:4-7

Altars:
Elyvilon
Uskayaw
Vehumet

Annotations:
D:3 3 runed translucent doors, CowFu's ghost, amateur GrFi; CraigForest's ghost, amateur MfGl; hattop's ghost, amateur DsSh; jakobj's ghost, weakling DsNe
D:4 3 runed translucent doors, croobank's ghost, weakling DsDe


Innate Abilities, Weirdness & Mutations

You have very sharp teeth.
Your uncanny sense of smell can sniff out nearby items.
Your experience applies equally to all skills.


Message History

You shoot a sling bullet.
The sling bullet hits the kobold brigand.
The kobold brigand is almost dead.
The kobold brigand hits you but does no damage.
Fire: a) +2 sling
Press: ? - help, Shift-Dir - straight line, f/p - kobold brigand
Aim: a kobold brigand, wielding a +0 short sword and quivering poisoned darts (almost dead, 55% to hit)
You shoot a sling bullet.
The sling bullet barely misses the kobold brigand.
The sling bullet hits the kobold.
Your attack snaps the kobold out of its fear.
The kobold is severely wounded.
The kobold brigand hits you with a +0 short sword.
* * * LOW HITPOINT WARNING * * *
Fire: a) +2 sling
Press: ? - help, Shift-Dir - straight line, f/p - kobold brigand
Aim: a kobold brigand, wielding a +0 short sword and quivering poisoned darts (almost dead, 55% to hit)
You shoot a sling bullet.
The sling bullet barely misses the kobold brigand.
The sling bullet hits the kobold.
You kill the kobold!
The kobold brigand hits you but does no damage.
The kobold brigand hits you with a +0 short sword!
* * * LOW HITPOINT WARNING * * *
Fire: a) +2 sling
Press: ? - help, Shift-Dir - straight line, f/p - kobold brigand
Aim: a kobold brigand, wielding a +0 short sword and quivering poisoned darts (almost dead, 55% to hit)
You shoot a sling bullet.
The sling bullet hits the kobold brigand but does no damage.
The kobold brigand is almost dead.
The kobold brigand hits you but does no damage.
Fire: a) +2 sling
Press: ? - help, Shift-Dir - straight line, f/p - kobold brigand
Aim: a kobold brigand, wielding a +0 short sword and quivering poisoned darts (almost dead, 55% to hit)
You shoot a sling bullet.
The sling bullet hits the kobold brigand.
The kobold brigand is almost dead.
The kobold brigand hits you but does no damage.
The kobold brigand hits you with a +0 short sword.
You die...

.###................# ##
##.###8.#.#.#.#.## # #.#
##.#8#.#.#8# ## ##.#
###########
.###.#####.#.###
....####...#...#
##†.....>#####.# ##### ##
#.#####...#...#######..P♣#
#.♣. #.#
#.#.#....@K))......###KKKK
#.#
#.#...#######)#######.KKK.
#.# #.##..# #.#


##KPK♣PP #.# #.##..# #K## #♣..K.♣ #.# #.##..# #.K###.K..P# #.# #.##..#
#....♣.♣P.## #.#####.##..# #.#.K..♣### #...........# #.#..♣## ########.....#
#.#### You could see a kobold brigand.

Vanquished Creatures
  An adder (D:4)
  5 worms
  6 dart slugs
  3 orcs (D:4)
  6 endoplasms
  2 giant cockroaches
  4 goblins
  4 hobgoblins
  7 jackals
  7 quokkas
  8 ball pythons
  5 bats
  3 frilled lizards
  13 kobolds
  3 rats
77 creatures vanquished.

Notes
Turn   | Place    | Note
-------+----------+-------------------------------------------
     0 | D:1      | randomguy2701 the Gnoll Wanderer began the quest for the
                  | Orb.
     0 | D:1      | randomguy2701 set off with the following items: a +2 sling,
                  | a +0 scale mail, a scroll of fear; and the following spell
                  | memorised: Sting; and the following spells available to
                  | memorise: Ignite Poison.
     0 | D:1      | Reached XP level 1. HP: 17/17 MP: 6/6
    97 | D:1      | Reached XP level 2. HP: 23/23 MP: 7/7
   638 | D:2      | Reached XP level 3. HP: 28/28 MP: 9/9
   640 | D:2      | Reached skill level 5 in Spellcasting
  1086 | D:2      | Reached skill level 1 in Invocations
  1127 | D:2      | Reached skill level 1 in Short Blades
  1127 | D:2      | Reached skill level 1 in Long Blades
  1127 | D:2      | Reached skill level 1 in Axes
  1127 | D:2      | Reached skill level 1 in Maces & Flails
  1127 | D:2      | Reached skill level 1 in Polearms
  1127 | D:2      | Reached skill level 1 in Staves
  1127 | D:2      | Reached skill level 1 in Throwing
  1127 | D:2      | Reached skill level 1 in Dodging
  1127 | D:2      | Reached skill level 1 in Shields
  1127 | D:2      | Reached skill level 1 in Unarmed Combat
  1127 | D:2      | Reached skill level 1 in Evocations
  1300 | D:2      | Reached XP level 4. HP: 32/34 MP: 11/11
  1553 | D:3      | Reached skill level 1 in Shapeshifting
  1833 | D:3      | Found a runed translucent gate.
  1834 | D:3      | Found a runed translucent gate.
  1834 | D:3      | Found a runed translucent gate.
  1835 | D:3      | Noticed CowFu's ghost (amateur GrFi)
  1835 | D:3      | Noticed hattop's ghost (amateur DsSh)
  1836 | D:3      | Noticed jakobj's ghost (weakling DsNe)
  1836 | D:3      | Noticed CraigForest's ghost (amateur MfGl)
  2408 | D:4      | Reached skill level 1 in Conjurations
  2408 | D:4      | Reached skill level 1 in Hexes
  2408 | D:4      | Reached skill level 1 in Summonings
  2408 | D:4      | Reached skill level 1 in Necromancy
  2408 | D:4      | Reached skill level 1 in Translocations
  2408 | D:4      | Reached skill level 1 in Transmutations
  2408 | D:4      | Reached skill level 1 in Fire Magic
  2408 | D:4      | Reached skill level 1 in Ice Magic
  2408 | D:4      | Reached skill level 1 in Air Magic
  2408 | D:4      | Reached skill level 1 in Earth Magic
  2408 | D:4      | Reached skill level 1 in Poison Magic
  2512 | D:4      | Found a runed translucent gate.
  2514 | D:4      | Noticed croobank's ghost (weakling DsDe)
  2524 | D:4      | Found a runed translucent gate.
  2524 | D:4      | Found a runed translucent gate.
  2599 | D:4      | Found a radiant altar of Vehumet.
  2607 | D:4      | Found a hide-covered altar of Uskayaw.
  2610 | D:4      | Found a white marble altar of Elyvilon.
  2716 | D:4      | Noticed a kobold brigand
  2717 | D:4      | Reached XP level 5. HP: 40/40 MP: 12/12
  2751 | D:4      | HP: 2/40 [kobold brigand/+0 short sword (7)]
  2757 | D:4      | HP: 1/40 [kobold brigand/+0 short sword (7)]
  2759 | D:4      | Slain by a kobold brigand

Illustrated notes

Levels and vault maps discovered:
D:1:      dpeg_arrival_long_road, layout_loops_ring
D:2:      layout_basic, minmay_joined_circles
D:3:      minmay_spotlight, layout_basic, gammafunk_ghost_cemetery
D:4:      kennysheep_kobold_camp, layout_loops_ring, minitemple,
          biasface_ghost_orc_armoury, kennysheep_generic_room_2,
          uniq_crazy_yiuf_cottage, uniq_edmund

Skill      XL: |  1  2  3  4 |
---------------+-------------+-----
Spellcasting   | 5 |  5.1
Invocations    | 1 |  1.5
Short Blades   | 1 |  1.3
Long Blades    | 1 |  1.3
Axes           | 1 |  1.3
Maces & Flails | 1 |  1.3
Polearms       | 1 |  1.3
Staves         | 1 |  1.3
Throwing       | 1 |  1.3
Dodging        | 1 |  1.3
Shields        | 1 |  1.3
Unarmed Combat | 1 |  1.3
Evocations     | 1 |  1.3
Shapeshifting  | 1 |  1.2
Conjurations   | 1 |  1.1
Hexes          | 1 |  1.1
Summonings     | 1 |  1.1
Necromancy     | 1 |  1.1
Translocations | 1 |  1.1
Transmutations | 1 |  1.1
Fire Magic     | 1 |  1.1
Ice Magic      | 1 |  1.1
Air Magic      | 1 |  1.1
Earth Magic    | 1 |  1.1
Poison Magic   | 1 |  1.1
Fighting       | |  2.9
Ranged Weapons | |  4.7
Armour         | |  8.6
Stealth        | |  2.7

Action                     |  1- 3 |  4- 6 || total
---------------------------+-------+-------++-------
   Fire: Sling             |   121 |   125 ||   246
   Cast: Sting             |     3 |       ||     3
    Use: Scroll            |       |     1 ||     1
         Potion            |       |     1 ||     1
 Armour: Scale mail        |    47 |    52 ||    99
  Dodge: Dodged            |    42 |    28 ||    70

Table legend: (Time is in decaauts)
 A = Elapsed time spent in this place.
 B = Non-inter-level travel time spent in this place.
 C = Inter-level travel time spent in this place.
 D = Time resting spent in this place.
 E = Time spent auto-exploring this place.
 F = Levels seen in this place.
 G = Mean time per level.
                   A        B        C        D        E       F      G
               +--------+--------+--------+--------+--------+-----+--------+
         Total |   2872 |   2828 |     44 |      0 |   2327 |   4 |  718.0 |
       Dungeon |   2872 |   2828 |     44 |      0 |   2327 |   4 |  718.0 |
               +--------+--------+--------+--------+--------+-----+--------+

Top non-repeatable levels by time:
     D:2: 905 daAuts
     D:3: 872 daAuts
     D:1: 647 daAuts
     D:4: 447 daAuts
